 Dungeon Crawl Stone Soup version 0.20.0-14-g326068f (webtiles) character file.

330 mopl the Sneak (level 6, -3/44 HPs)
             Began as a Demonspawn Assassin on June 8, 2017.
             Slain by a wyvern zombie (15 damage)
             ... in an ossuary.
             The game lasted 00:05:12 (3102 turns).

mopl the Sneak (Demonspawn Assassin)                Turns: 3102, Time: 00:05:13

Health: -3/44      AC:  5    Str: 11    XL:     6   Next: 26%
Magic:  6/6        EV: 12    Int: 13    God:
Gold:   147        SH:  0    Dex: 16    Spells: 5/5 levels left

rFire    . . .     SeeInvis .   a - +2 dagger
rCold    . . .     Gourm    .   (no shield)
rNeg     . . .     Faith    .   c - +0 robe
rPois    .         Spirit   .   (helmet restricted)
rElec    .         Reflect  .   d - +0 cloak
rCorr    .         Harm     .   (no gloves)
MR       .....                  (no boots)
Stlth    +++.......             (no amulet)
Regen    0.2/turn               (no ring)
MPRegen  0.1/turn               (no ring)

@: no status effects
A: antennae 1, molten scales 1, demonic guardian 1, rot immunity
a: no special abilities


You were in an ossuary.
You were very hungry.

You visited 1 branch of the dungeon, and saw 4 of its levels.
You also visited: Ossuary.

You collected 147 gold pieces.

Inventory:

Hand Weapons
 a - a +2 dagger (weapon)
 b - a +0 blowgun
 x - a +0 hand axe of flaming
Missiles
 e - 32 poisoned needles
 f - 2 curare-tipped needles
 h - 168 stones (quivered)
 q - 56 sling bullets
Armour
 c - a +0 robe (worn)
 d - a +0 cloak (worn)
 l - a +2 helmet
Wands
 z - a wand of acid (10/15)
Scrolls
 j - 5 scrolls of identify {unknown}
 k - 2 scrolls of teleportation {unknown}
 s - a scroll of remove curse {unknown}
 t - a scroll of blinking {unknown}
 u - a scroll of noise {unknown}
 y - a scroll of fear {unknown}
Potions
 m - 3 potions of brilliance {unknown}
 n - a potion of degeneration {unknown}
 o - 2 potions of heal wounds {unknown}
 p - a potion of flight {unknown}
 r - a potion of curing {unknown}
 w - 3 potions of haste {unknown}
Comestibles
 g - 6 bread rations
 i - 2 meat rations
 v - 2 fruits


   Skills:
 - Level 2.0 Fighting
 + Level 3.2 Short Blades
 + Level 3.4 Throwing
 - Level 0.8 Dodging
 * Level 5.8 Stealth


You had 5 spell levels left.
You didn't know any spells.

Dungeon Overview and Level Annotations

Branches:
Dungeon (4/15)
 Temple: D:4-7

Altars:
Vehumet

Annotations:
D:4 minicreteconcrete's ghost, amateur DEFE


Innate Abilities, Weirdness & Mutations

You have a pair of small antennae on your head.
You are partially covered in molten scales. (AC +2)
A weak demonic guardian rushes to your aid.
You are immune to rotting.


Message History

Your shadow imp barely misses the wyvern zombie.
Unknown command.
You hit the wyvern zombie.
The wyvern zombie is heavily damaged.
The wyvern zombie bites you.
Your shadow imp hits the wyvern zombie.
Unknown command.
You hit the wyvern zombie but do no damage.
The wyvern zombie is heavily damaged.
The wyvern zombie closely misses you.
Unknown command.
You hit the wyvern zombie.
The wyvern zombie is heavily damaged.
The wyvern zombie bites you.
* * * LOW HITPOINT WARNING * * *
Your shadow imp barely misses the wyvern zombie.
Unknown command.
You hit the wyvern zombie but do no damage.
The wyvern zombie is heavily damaged.
The wyvern zombie bites you!
You die...

##### #..∩#
#5@.# #.Z.#{
#.##M##+##≈##
+≈.≈.≈≈M≈≈≈≈≈
#≈≈≈#'#'#'#.≈
#≈≈≈P#.#.≈P≈P
#≈≈≈≈##≈#≈≈##≈≈
###≈ # ≈≈≈≈ ≈#
# ≈≈### ≈


You could see a bog mummy, a wyvern zombie and a friendly shadow imp.

Vanquished Creatures
  The ghost of dscm the Sneak, an amateur OpEE (Ossuary)
  4 mummies (Ossuary)
  An orc wizard (D:3)
  2 worker ant zombies (Ossuary)
  2 adders
  An adder skeleton (D:4)
  2 adder zombies (Ossuary)
  3 worms
  2 dart slugs
  2 leopard geckos
  3 orcs (D:3)
  A ball python (D:1)
  4 giant cockroaches
  A gnoll zombie (D:4)
  8 goblins
  10 hobgoblins
  3 jackals
  2 quokkas
  5 bats
  6 frilled lizards
  8 kobolds
  A kobold zombie (D:4)
  A quokka zombie (Ossuary)
  9 rats
82 creatures vanquished.

Vanquished Creatures (collateral kills)
  2 hound zombies (Ossuary)
  4 mummies (Ossuary)
  3 orcs
  A goblin (D:3)
10 creatures vanquished.

Vanquished Creatures (others)
  3 withered plants (Ossuary)
3 creatures vanquished.

Grand Total: 95 creatures vanquished

Notes
Turn   | Place    | Note
-------+----------+-------------------------------------------
     0 | D:1      | mopl the Demonspawn Assassin began the quest for the Orb.
     0 | D:1      | Reached XP level 1. HP: 16/16 MP: 1/1
    32 | D:1      | Reached skill level 2 in Throwing
    52 | D:1      | Gained mutation: A weak demonic guardian rushes to your aid. [demonic ancestry]
    52 | D:1      | Reached XP level 2. HP: 6/22 MP: 2/2
   317 | D:1      | Reached skill level 4 in Stealth
   318 | D:1      | Reached skill level 2 in Short Blades
   531 | D:1      | Gained mutation: You are partially covered in molten scales. (AC +2) [demonic ancestry]
   531 | D:1      | Reached XP level 3. HP: 15/27 MP: 3/3
  1100 | D:2      | Gained mutation: You are immune to rotting. [demonic ancestry]
  1100 | D:2      | Reached XP level 4. HP: 32/33 MP: 4/4
  1465 | D:3      | Found a radiant altar of Vehumet.
  2153 | D:3      | Reached skill level 5 in Stealth
  2550 | D:4      | Found a sand-covered staircase.
  2567 | D:4      | Reached XP level 5. HP: 34/38 MP: 5/5
  2584 | D:4      | Noticed minicreteconcrete's ghost (amateur DEFE)
  2590 | Ossuary  | Entered an ossuary
  2593 | Ossuary  | Noticed dscm's ghost (amateur OpEE)
  2605 | Ossuary  | Killed dscm's ghost
  2605 | Ossuary  | Reached skill level 3 in Throwing
  2685 | Ossuary  | Gained mutation: You have a pair of small antennae on your head. [demonic ancestry]
  2685 | Ossuary  | Reached XP level 6. HP: 4/44 MP: 6/6
  2692 | Ossuary  | HP: 2/44 [worker ant zombie (1)]
  2694 | Ossuary  | Reached skill level 3 in Short Blades
  3102 | Ossuary  | Slain by a wyvern zombie

Skill      XL: |  1  2  3  4  5  6 |
---------------+-------------------+-----
Throwing       | 2 3 |  3.4
Stealth        | 4 5 |  5.8
Short Blades   | 2 3 |  3.2
Fighting       | |  2.0
Dodging        | |  0.8

Action                   |  1- 3 |  4- 6 || total
-------------------------+-------+-------++-------
Melee: Dagger            |   167 |   198 ||   365
Throw: Stone             |       |     1 ||     1
 Stab: Sleeping          |     8 |    11 ||    19
       Distracted        |       |     3 ||     3
  Eat: Chunk             |     1 |     5 ||     6
Armor: Robe              |    61 |    36 ||    97
Dodge: Dodged            |    94 |    68 ||   162
